 Dungeon Crawl Stone Soup version 0.26.1-11-gd32895ea62 (webtiles) character file.

Game seed: 8590191084074204051

1528 Crownlay the Chiller (level 8, -10/59 HPs)
             Began as a Gnoll Ice Elementalist on July 18, 2021.
             Killed by divine providence
             ... invoked by an orc priest
              (13 damage)
             ... on level 6 of the Dungeon on July 19, 2021.
             The game lasted 00:18:26 (6342 turns).

Crownlay the Chiller (Gnoll Ice Elementalist)       Turns: 6342, Time: 00:18:27

Health: -10/59     AC: 14    Str: 10    XL:     8   Next: 85%
Magic:  12/17      EV: 11    Int: 18    God:
Gold:   223        SH:  9    Dex: 17    Spells: 8/19 levels left

rFire    . . .     SeeInvis .   e - +1 long sword (pain)
rCold    . . .     Faith    .   q - +0 kite shield
rNeg     + . .     Spirit   .   y - quicksilver dragon scales
rPois    +         Reflect  .   t - +0 helmet
rElec    .         Harm     .   B - +2 ratskin cloak {*Rats rPois rN+ Str-1 Int-1 Dex+1}
rCorr    .         Rampage  .   (no gloves)
Will     +....                  (no boots)
Stlth    +++.......             (no amulet)
HPRegen  0.19/turn              k - ring of flight
MPRegen  0.15/turn              n - ring of wizardry

@: no status effects
A: distributed training, fangs 1, strong nose
a: Evoke Flight


You were on level 6 of the Dungeon.
You visited 1 branch of the dungeon, and saw 6 of its levels.

You collected 223 gold pieces.

Inventory:

Hand Weapons
 e - a +1 long sword of pain (weapon)
 s - a +0 falchion of electrocution
Armour
 q - a +0 kite shield (worn)
 t - a +0 helmet (worn)
 y - quicksilver dragon scales (worn)
 B - the +2 ratskin cloak (worn) {*Rats rPois rN+ Str-1 Int-1 Dex+1}
   (You found it on level 5 of the Dungeon)

   It affects your strength (-1).
   It affects your intelligence (-1).
   It affects your dexterity (+1).
   It protects you from poison.
   It protects you from negative energy.
Jewellery
 k - a ring of flight (left hand)
 n - a ring of wizardry (right hand)
Wands
 p - a wand of iceblast (3)
 u - a wand of digging (5)
 C - a wand of polymorph (8)
Scrolls
 f - 4 scrolls of teleportation {unknown}
 h - 10 scrolls of identify
 i - a scroll of immolation {unknown}
 l - a scroll of amnesia {unknown}
 m - a scroll of enchant armour {unknown}
Potions
 a - a potion of mutation {unknown}
 b - a potion of magic {unknown}
 c - 2 potions of flight {unknown}
 d - 5 potions of degeneration {unknown}
 g - a potion of resistance {unknown}
 o - a potion of ambrosia {unknown}
 r - 4 potions of curing {unknown}
 v - 2 potions of lignification {unknown}
 w - a potion of attraction {unknown}
 x - a potion of heal wounds {unknown}
 z - 2 potions of might {unknown}
 A - 2 potions of brilliance {unknown}


   Skills:
 + Level 3.6 Fighting
 + Level 3.6 Short Blades
 + Level 3.6 Long Blades
 + Level 3.6 Axes
 + Level 3.6 Maces & Flails
 + Level 3.6 Polearms
 + Level 3.6 Staves
 + Level 3.6 Slings
 + Level 3.6 Bows
 + Level 3.6 Crossbows
 + Level 3.6 Throwing
 + Level 3.6 Armour
 + Level 5.9 Dodging
 + Level 5.6 Stealth
 + Level 3.6 Shields
 + Level 3.6 Unarmed Combat
 + Level 6.2 Spellcasting
 + Level 3.0 Conjurations
 + Level 3.0 Hexes
 + Level 3.0 Summonings
 + Level 3.0 Necromancy
 + Level 3.0 Translocations
 + Level 3.0 Transmutations
 + Level 3.0 Fire Magic
 + Level 7.8 Ice Magic
 + Level 3.0 Air Magic
 + Level 3.0 Earth Magic
 + Level 3.0 Poison Magic
 + Level 4.0 Invocations
 + Level 3.6 Evocations


You had 8 spell levels left.
You knew the following spells:

 Your Spells              Type           Power        Failure   Level
a - Freeze                Ice            100%         1%          1
b - Frozen Ramparts       Ice            66%          6%          3
c - Ozocubu's Armour      Ice            33%          6%          3
d - Summon Ice Beast      Ice/Summ       25%          45%         4

Your spell library contained the following spells:

 Spells                   Type           Power        Failure   Level
 Animate Skeleton         Necr           32%          16%         1
 Apportation              Tloc           32%          16%         1
 Corona                   Hex            17%          16%         1
 Summon Small Mammal      Summ           64%          16%         1
 Confusing Touch          Hex            16%          38%         3
 Gell's Gravitas          Tloc           8%           38%         3
 Hailstorm                Conj/Ice       25%          45%         4
 Petrify                  Tmut/Erth      16%          78%         4
 Metabolic Englaciation   Hex/Ice        12%          80%         5
 Yara's Violent Unravell  Hex/Tmut       8%           98%         5


Dungeon Overview and Level Annotations

Branches:
Dungeon (6/15)
 Temple: D:4-7

Altars:
Ashenzari
Cheibriados
Fedhas
Gozag
Hepliaklqana
Makhleb
Sif Muna
Wu Jian
Zin

Portals:
Abyss: D:4

Annotations:
D:4 2 transporters, zurenarrh's ghost, amateur OpWn


Innate Abilities, Weirdness & Mutations

Your experience applies equally to all skills.
You have very sharp teeth.
Your uncanny sense of smell can sniff out nearby items.


Message History

Your Fire Magic skill increases to level 3!
Your Air Magic skill increases to level 3!
Your Earth Magic skill increases to level 3!
Your Poison Magic skill increases to level 3!
Your Invocations skill increases to level 4!
Blink to where?
Press: ? - help, Dir - move target Your icy armour and frozen ramparts will break if you move.
Continue?
Your icy armour cracks and falls away as you move.
The frozen ramparts melt away as you move.
As you read the scroll of blinking, it crumbles to dust.
Your hell rat barely misses the orc priest.
Your hell rat completely misses the orc priest.
The centaur wields a +0 shortbow.
The centaur shoots an arrow.
The arrow barely misses your hell rat. The arrow hits you.
* * * LOW HITPOINT WARNING * * *
Unknown command.
The orc priest invokes the aid of Beogh against you.
Beogh smites you!
You die...

############
###########..........#
.....................#
######....#..........#
..........#.(......>.#
..........######.#########.
..........######.#.........
...[...............#######.
..........######@###
..........# #.# ..........#
##.###### ..........#
#......ยง# .<........
###...(.))# .).....#.
........(..# ######....
#...#oor...# ##..
#......>...# ....##..c...#


You could see an orc priest, an orc and a friendly hell rat.

Vanquished Creatures
  Duvessa (D:4)
  An ice beast (D:5)
  2 phantoms
  4 ogres
  2 centaurs
  A scorpion (D:4)
  Dowan (D:4)
  A howler monkey (D:4)
  3 orc priests
  A hound (D:3)
  2 orc wizards
  Ijyb (D:3)
  A hell rat (D:5)
  A worker ant (D:4)
  3 gnolls (D:4)
  A howler monkey skeleton (D:5)
  5 adders
  6 river rats (D:5)
  A shadow imp (D:5)
  2 oozes
  2 adder skeletons
  A worm (D:2)
  15 orcs
  5 bats
  2 giant cockroaches (D:1)
  9 hobgoblins
  10 jackals
  2 quokkas
  2 ball pythons
  6 frilled lizards
  7 goblins
  9 kobolds
  A quokka skeleton (D:5)
  25 rats
136 creatures vanquished.

Vanquished Creatures (collateral kills)
  An orc wizard (D:6)
1 creature vanquished.

Vanquished Creatures (others)
  6 fungi (D:4)
  20 plants
26 creatures vanquished.

Grand Total: 163 creatures vanquished

Notes
Turn   | Place    | Note
-------+----------+-------------------------------------------
     0 | D:1      | Crownlay the Gnoll Ice Elementalist began the quest for the
                  | Orb.
     0 | D:1      | Reached XP level 1. HP: 13/13 MP: 6/6
   543 | D:1      | Reached XP level 2. HP: 20/20 MP: 4/7
  1035 | D:1      | Reached XP level 3. HP: 12/25 MP: 6/9
  1330 | D:1      | Reached skill level 5 in Spellcasting
  1658 | D:2      | Reached skill level 1 in Invocations
  1840 | D:2      | Found a hazy altar of Hepliaklqana.
  1855 | D:2      | Reached skill level 1 in Fighting
  1855 | D:2      | Reached skill level 1 in Short Blades
  1855 | D:2      | Reached skill level 1 in Long Blades
  1855 | D:2      | Reached skill level 1 in Axes
  1855 | D:2      | Reached skill level 1 in Maces & Flails
  1855 | D:2      | Reached skill level 1 in Polearms
  1855 | D:2      | Reached skill level 1 in Staves
  1855 | D:2      | Reached skill level 1 in Slings
  1855 | D:2      | Reached skill level 1 in Bows
  1855 | D:2      | Reached skill level 1 in Crossbows
  1855 | D:2      | Reached skill level 1 in Throwing
  1855 | D:2      | Reached skill level 1 in Armour
  1855 | D:2      | Reached skill level 1 in Shields
  1855 | D:2      | Reached skill level 1 in Unarmed Combat
  1855 | D:2      | Reached skill level 1 in Evocations
  1953 | D:2      | Found a broken altar of Ashenzari.
  2097 | D:2      | Reached XP level 4. HP: 30/32 MP: 7/11
  2344 | D:3      | Found an opulent altar of Gozag.
  2362 | D:3      | Found a snail-covered altar of Cheibriados.
  2362 | D:3      | Found a burning altar of Makhleb.
  2362 | D:3      | Found a shimmering blue altar of Sif Muna.
  2836 | D:3      | Reached skill level 1 in Conjurations
  2836 | D:3      | Reached skill level 1 in Hexes
  2836 | D:3      | Reached skill level 1 in Summonings
  2836 | D:3      | Reached skill level 1 in Necromancy
  2836 | D:3      | Reached skill level 1 in Translocations
  2836 | D:3      | Reached skill level 1 in Transmutations
  2836 | D:3      | Reached skill level 1 in Fire Magic
  2836 | D:3      | Reached skill level 1 in Air Magic
  2836 | D:3      | Reached skill level 1 in Earth Magic
  2836 | D:3      | Reached skill level 1 in Poison Magic
  2931 | D:3      | Reached XP level 5. HP: 34/37 MP: 5/12
  3260 | D:3      | Noticed Ijyb
  3265 | D:3      | Killed Ijyb
  3339 | D:4      | Found a blossoming altar of Fedhas.
  3346 | D:4      | Noticed a phantom
  3356 | D:4      | Reached XP level 6. HP: 31/44 MP: 11/13
  3594 | D:3      | Learned a level 3 spell: Frozen Ramparts
  3598 | D:3      | Learned a level 3 spell: Ozocubu's Armour
  3603 | D:3      | Learned a level 4 spell: Summon Ice Beast
  3674 | D:4      | Reached skill level 5 in Dodging
  3680 | D:4      | Reached XP level 7. HP: 14/50 MP: 8/15
  4167 | D:4      | Noticed Dowan
  4168 | D:4      | Noticed Duvessa
  4177 | D:4      | Killed Duvessa
  4178 | D:4      | Reached skill level 5 in Stealth
  4184 | D:4      | Killed Dowan
  4467 | D:4      | Found a glowing silver altar of Zin.
  4507 | D:4      | Found a transporter.
  4538 | D:4      | Found a transporter.
  4543 | D:4      | Found a one-way gate to the infinite horrors of the Abyss.
  4543 | D:4      | Noticed zurenarrh's ghost (amateur OpWn)
  4559 | D:4      | Identified the +4 whip "Nagrir" {distort, rElec SInv}
  4842 | D:4      | Noticed an ancient zyme
  4877 | D:5      | Entered Level 5 of the Dungeon
  4894 | D:4      | Reached XP level 8. HP: 48/57 MP: 12/16
  5368 | D:5      | Found the +2 ratskin cloak {*Rats rPois rN+ Str-1 Int-1
                  | Dex+1}
  5647 | D:5      | Found an ornate altar of the Wu Jian Council.
  6342 | D:6      | Killed from afar by an orc priest

Illustrated notes

Levels and vault maps discovered:
D:1:      dpeg_arrival_simpleton_b, layout_loops_ring,
          hangedman_abyss_or_decor_lesser_grid, hangedman_feature_mirror,
          serial_bayou_lagoon_a
D:2:      layout_rooms, old_standard_altar, old_standard_altar,
          minmay_split_cup_large
D:3:      layout_basic, gammafunk_temple_overflow_claw, grunt_gozag_statues,
          uniq_ijyb
D:4:      layout_basic, zin_academy, fedhas_altar_3,
          gammafunk_ghost_abyssal_escape, kennysheep_generic_room_4,
          uniq_duvessa
D:5:      wander_guarded_unrand_ratskin, layout_loops_ring, kennysheep_mini
D:6:      layout_rooms, elyvilon_altar_4, kennysheep_mini_moat,
          minmay_temple_entry_tees

Skill      XL: |  1  2  3  4  5  6  7  8 |
---------------+-------------------------+-----
Spellcasting   | 5 6 |  6.2
Invocations    | 1 2 3 4 |  4.0
Fighting       | 1 2 3 |  3.6
Short Blades   | 1 2 3 |  3.6
Long Blades    | 1 2 3 |  3.6
Axes           | 1 2 3 |  3.6
Maces & Flails | 1 2 3 |  3.6
Polearms       | 1 2 3 |  3.6
Staves         | 1 2 3 |  3.6
Slings         | 1 2 3 |  3.6
Bows           | 1 2 3 |  3.6
Crossbows      | 1 2 3 |  3.6
Throwing       | 1 2 3 |  3.6
Armour         | 1 2 3 |  3.6
Shields        | 1 2 3 |  3.6
Unarmed Combat | 1 2 3 |  3.6
Evocations     | 1 2 3 |  3.6
Conjurations   | 1 2 3 |  3.0
Hexes          | 1 2 3 |  3.0
Summonings     | 1 2 3 |  3.0
Necromancy     | 1 2 3 |  3.0
Translocations | 1 2 3 |  3.0
Transmutations | 1 2 3 |  3.0
Fire Magic     | 1 2 3 |  3.0
Air Magic      | 1 2 3 |  3.0
Earth Magic    | 1 2 3 |  3.0
Poison Magic   | 1 2 3 |  3.0
Dodging        | 5 |  5.9
Stealth        | 5 |  5.6
Ice Magic      | |  7.8

Action                   |  1- 3 |  4- 6 |  7- 9 || total
-------------------------+-------+-------+-------++-------
Melee: Dagger            |    49 |     2 |       ||    51
       Bite              |     6 |     3 |    12 ||    21
       Unarmed           |     1 |       |       ||     1
       Falchion          |       |    32 |    41 ||    73
       Long sword        |       |       |    71 ||    71
 Cast: Freeze            |    47 |    50 |     7 ||   104
       Frozen Ramparts   |       |     1 |    16 ||    17
       Ozocubu's Armour  |       |     1 |     9 ||    10
  Use: Scroll            |       |       |     3 ||     3
 Stab: Sleeping          |     1 |     1 |     7 ||     9
Armor: Robe              |     5 |     8 |     7 ||    20
       Quicksilver drago |       |       |    37 ||    37
Dodge: Dodged            |    38 |    47 |    68 ||   153
Block: Kite shield       |     1 |    50 |    66 ||   117
       Rpst.: Falchion   |       |    11 |     6 ||    17
       Long sword        |       |       |    17 ||    17
